 Dungeon Crawl Stone Soup version 0.25.1-2-g60ff931df9 (webtiles) character file.

Game seed: 10670114023256500127

31525 Erymatos the Tortoise (level 13, -8/125 HPs)
             Began as a Minotaur Berserker on Nov 10, 2020.
             Was a High Priest of Trog.
             Killed by mirror damage (12 damage)
             ... on level 14 of the Dungeon.
             The game lasted 00:47:50 (14808 turns).

Erymatos the Tortoise (Minotaur Berserker)         Turns: 14808, Time: 00:47:51

Health: -8/125     AC: 20    Str: 31    XL:     13   Next: 26%
Magic:  12/12      EV: 17    Int:  4    God:    Trog [*****.]
Gold:   382        SH: 23    Dex: 12    Spells: 12/12 levels left

rFire    . . .     SeeInvis .   U - +10 zealot's sword {holy, *Rage rN+ EV+3}
rCold    + . .     Gourm    .   E - +0 tower shield
rNeg     + . .     Faith    .   w - +4 chain mail {rC+}
rPois    .         Spirit   .   (helmet restricted)
rElec    .         Reflect  +   S - +0 cloak {Stlth+}
rCorr    .         Harm     .   (no gloves)
MR       .....     Rnd*Rage +   R - +0 pair of boots
Stlth    ..........             M - amulet of reflection
HPRegen  0.30/turn              z - +4 ring of evasion
MPRegen  0.13/turn              H - +6 ring of strength

@: mighty, berserk cooldown, slowed, very slow
A: retaliatory headbutt, horns 2
a: Berserk, Trog's Hand, Brothers in Arms, Renounce Religion


You were on level 14 of the Dungeon.
You worshipped Trog.
Trog was extremely pleased with you.
You were hungry.

You visited 1 branch of the dungeon, and saw 14 of its levels.
You also visited: Ice Cave.

You collected 672 gold pieces.
You spent 290 gold pieces at shops.

Inventory:

Hand Weapons
 a - a +2 war axe
 T - a +4 vorpal war axe
 U - the +10 zealot's sword (weapon) {holy, *Rage rN+ EV+3}
   (You found it in an ice cave)

   It has been blessed by the Shining One to cause great damage to the undead
   and demons.
   It affects your evasion (+3).
   It protects you from negative energy.
   It may make you go berserk in combat.
Armour
 w - a +4 chain mail of cold resistance (worn)
 y - +0 steam dragon scales
 A - the +0 chain mail of Boredom {rF+}
   (You found it on level 6 of the Dungeon)

   It protects you from fire.
 E - a +0 tower shield (worn)
 R - a +0 pair of boots (worn)
 S - a +0 cloak of stealth (worn)
Jewellery
 l - an uncursed ring of fire
 o - an uncursed amulet of regeneration
 z - a +4 ring of evasion (left hand)
 D - an uncursed ring of protection from cold
 H - a +6 ring of strength (right hand)
 M - an amulet of reflection (around neck)
 X - an uncursed ring of flight
Wands
 v - a wand of flame (36)
 G - a wand of digging (5)
 O - a wand of random effects (27)
 Q - a wand of acid (9)
Scrolls
 f - 4 scrolls of teleportation
 h - 2 scrolls of fog
 i - 4 scrolls of magic mapping
 m - 4 scrolls of enchant armour
 q - 4 scrolls of fear
 r - a scroll of torment {unknown}
 s - a scroll of amnesia {unknown}
 t - 2 scrolls of blinking {unknown}
 x - a scroll of enchant weapon {unknown}
 B - 2 scrolls of noise {unknown}
 F - 2 scrolls of immolation {unknown}
 J - 3 scrolls of identify
 P - a scroll of holy word {unknown}
 V - 4 scrolls of vulnerability {unknown}
Potions
 b - 3 potions of magic
 d - 3 potions of curing {unknown}
 e - a potion of resistance
 g - 2 potions of might
 j - 2 potions of mutation {unknown}
 k - 2 potions of invisibility {unknown}
 n - 5 potions of heal wounds {unknown}
 p - 3 potions of lignification {unknown}
 u - 3 potions of stabbing {unknown}
 C - 3 potions of cancellation {unknown}
 I - 7 potions of degeneration {unknown}
 K - a potion of haste {unknown}
 L - a potion of experience {unknown}
 N - a potion of ambrosia {unknown}
Comestibles
 c - 22 rations


   Skills:
 + Level 14.5 Fighting
 + Level 11.9 Axes
 + Level 15.3 Armour
 + Level 8.6 Dodging
 + Level 8.2 Shields


You had 12 spell levels left.
You didn't know any spells.
Your spell library was empty.

Dungeon Overview and Level Annotations

Branches:
Dungeon (14/15)            Temple (0/1) D:7            Lair (0/6) D:11
    Orc (0/2) D:11          IceCv (visited)
 Vaults: D:13-14

Altars:
Ashenzari
Cheibriados
Dithmenos
Elyvilon
Fedhas
Gozag
Hepliaklqana
Kikubaaqudgha
Makhleb
Nemelex Xobeh
Vehumet
Xom

Shops:
D:11 [[(

Portals:
Trove: D:12 (give +3 fire dragon scales)


Innate Abilities, Weirdness & Mutations

You reflexively headbutt those who attack you in melee.
You have a pair of horns on your head.


Message History

The death knight reflects your damage back at you!
* * * LOW HITPOINT WARNING * * *
You block the death knight's attack.
You slice the death knight!! Your headbutt misses the death knight.
The death knight is almost dead.
The death knight reflects your damage back at you!
* * * LOW HITPOINT WARNING * * *
The death knight hits you with a +2 broad axe of flaming!
* * * LOW HITPOINT WARNING * * *
The death knight burns you.
* * * LOW HITPOINT WARNING * * *
You block the death knight's attack.
You feel very mighty all of a sudden. You block the death knight's attack.
You slice the death knight!!
You kill the death knight!
Trog accepts your kill.
Your Shields skill increases to level 8!
Your damage is reflected back at you!
You die...

#.............
#.............
+.........$Z..
#.............
#............
#............
#.....#'#######..
#.....'.....)....
##############..@)....>.
.............(..........
...<#.......)).######...
....#...[......# .
....#....####..######..
....#....####..........
.......................
#######################


There were no monsters in sight!

Vanquished Creatures
  Josephine (D:12)
  Fannar (D:10)
  2 hydras
  An ogre mage (D:14)
  A death knight (D:14)
  9 two-headed ogres
  Erica (D:9)
  Pikel (D:9)
  A necromancer (IceCv)
  2 cyclopes (D:11)
  A manticore (D:11)
  2 ugly things
  2 ice statues (IceCv)
  Joseph (D:8)
  Psyche (D:9)
  A gargoyle (D:13)
  Maggie (D:6)
  7 ice devils
  4 trolls
  3 hippogriffs
  A hornet (D:9)
  8 slime creatures
  5 wraiths (D:12)
  A vampire (D:10)
  A wyvern (D:11)
  A basilisk (D:11)
  9 yaks
  2 hungry ghosts
  Edmund (D:6)
  A water moccasin (D:9)
  A slave (D:9)
  7 orc warriors
  2 sky beasts
  4 phantoms
  5 ice beasts
  2 black bears
  5 ogres
  18 centaurs
  A crocodile (D:11)
  4 big kobolds
  8 bullfrogs
  2 scorpions
  A water moccasin skeleton (D:5)
  6 killer bees
  15 wights
  7 crimson imps
  A bullfrog zombie (D:5)
  A howler monkey (D:14)
  2 quasits (D:8)
  3 centaur skeletons
  2 centaur zombies
  3 hounds
  2 jellies
  7 orc priests
  2 draconian simulacra (IceCv)
  17 orc wizards
  5 iguanas
  3 bullfrog skeletons
  9 worker ants
  2 troll simulacra (IceCv)
  A spriggan simulacrum (IceCv)
  A killer bee zombie (D:5)
  2 hound skeletons
  A howler monkey skeleton (D:8)
  10 adders
  5 naga simulacra (IceCv)
  4 shadow imps
  An ooze (D:5)
  An adder skeleton (D:4)
  An adder zombie (D:7)
  4 worms
  3 dart slugs
  6 leopard geckos
  85 orcs
  4 giant cockroaches
  6 hobgoblins
  21 jackals
  18 kobolds
  2 quokkas
  8 bats
  2 frilled lizards
  A giant cockroach zombie (D:6)
  3 goblins
  A jackal zombie (D:5)
  2 leopard gecko skeletons (D:4)
  10 rats
  A plant (D:12)
424 creatures vanquished.

Vanquished Creatures (collateral kills)
  A two-headed ogre (D:13)
  An ice devil (D:13)
2 creatures vanquished.

Vanquished Creatures (others)
  A slave (D:9)
  A centaur (D:9)
  A plant (D:11)
3 creatures vanquished.

Grand Total: 429 creatures vanquished

Notes
Turn   | Place    | Note
-------+----------+-------------------------------------------
     0 | D:1      | Erymatos the Minotaur Berserker began the quest for the
                  | Orb.
     0 | D:1      | Reached XP level 1. HP: 19/19 MP: 0/0
   280 | D:1      | Reached XP level 2. HP: 27/27 MP: 1/1
   818 | D:2      | Reached ** piety under Trog
   819 | D:2      | Reached XP level 3. HP: 34/34 MP: 2/2
  1391 | D:2      | Found a snail-covered altar of Cheibriados.
  1484 | D:2      | Reached XP level 4. HP: 37/41 MP: 3/3
  1610 | D:2      | Found a white marble altar of Elyvilon.
  1809 | D:3      | Reached skill level 5 in Fighting
  1894 | D:3      | Found a radiant altar of Vehumet.
  1895 | D:3      | Found a burning altar of Makhleb.
  1908 | D:3      | Reached skill level 3 in Armour
  2074 | D:3      | Reached skill level 5 in Axes
  2193 | D:3      | Reached XP level 5. HP: 48/48 MP: 4/4
  2709 | D:4      | Found a sparkling altar of Nemelex Xobeh.
  2736 | D:4      | Found a hazy altar of Hepliaklqana.
  2986 | D:4      | Reached XP level 6. HP: 35/56 MP: 5/5
  3294 | D:4      | Reached skill level 4 in Armour
  3497 | D:4      | You fall into a shaft and drop 2 floors!
  3498 | D:6      | Noticed Edmund
  3518 | D:6      | Killed Edmund
  3518 | D:6      | Reached XP level 7. HP: 63/63 MP: 6/6
  3562 | D:6      | Found an opulent altar of Gozag.
  3578 | D:6      | Found a shimmering altar of Xom.
  3598 | D:6      | Noticed Maggie
  3607 | D:6      | Killed Maggie
  3607 | D:6      | Reached *** piety under Trog
  3607 | D:6      | Reached skill level 5 in Armour
  3777 | D:6      | Reached skill level 6 in Armour
  3781 | D:6      | Reached XP level 8. HP: 71/71 MP: 7/7
  3935 | D:6      | Got a spiked chain mail
  3946 | D:6      | Identified the cursed +0 chain mail of Boredom {rF+} (You
                  | found it on level 6 of the Dungeon)
  4228 | D:5      | Entered Level 5 of the Dungeon
  4236 | D:5      | Reached skill level 7 in Armour
  4321 | D:5      | Found a radiant altar of Vehumet.
  4768 | D:5      | Reached skill level 8 in Armour
  4804 | D:5      | Reached XP level 9. HP: 72/81 MP: 8/8
  4991 | D:5      | Reached **** piety under Trog
  5564 | D:7      | Found a staircase to the Ecumenical Temple.
  5734 | D:7      | Found a shadowy altar of Dithmenos.
  5874 | D:7      | Reached skill level 9 in Armour
  6200 | D:8      | Noticed a two-headed ogre
  6206 | D:8      | Killed a two-headed ogre
  6206 | D:8      | Reached skill level 10 in Armour
  6206 | D:8      | Reached skill level 5 in Dodging
  6518 | D:8      | Reached ***** piety under Trog
  6725 | D:8      | Reached XP level 10. HP: 75/93 MP: 9/9
  6827 | D:8      | Found an ancient bone altar of Kikubaaqudgha.
  6828 | D:8      | Found a blossoming altar of Fedhas.
  6912 | D:8      | Found a shattered altar of Ashenzari.
  6942 | D:8      | Noticed Joseph
  6951 | D:8      | Killed Joseph
  6951 | D:8      | Reached skill level 10 in Fighting
  6951 | D:8      | Reached skill level 11 in Armour
  7434 | D:9      | Noticed Erica
  7481 | D:9      | Noticed Psyche
  7487 | D:9      | Killed Psyche
  7580 | D:9      | Noticed a two-headed ogre
  7591 | D:9      | Killed a two-headed ogre
  7591 | D:9      | Reached skill level 12 in Armour
  7600 | D:10     | Entered Level 10 of the Dungeon
  8268 | D:10     | Received a gift from Trog
  8580 | D:10     | Noticed Fannar
  8605 | D:10     | Killed Fannar
  8605 | D:10     | Reached XP level 11. HP: 61/104 MP: 10/10
  9077 | D:9      | Noticed Pikel
  9088 | D:9      | Killed Pikel
  9088 | D:9      | Reached skill level 13 in Armour
  9102 | D:9      | Killed Erica
  9616 | D:11     | Found a staircase to the Lair.
 10197 | D:11     | Reached skill level 14 in Armour
 10277 | D:11     | Noticed a two-headed ogre
 10284 | D:11     | Killed a two-headed ogre
 10888 | D:11     | Found Rejutu's Weapon Boutique.
 10991 | D:11     | Found Bucli's Antique Armour Shop.
 10998 | D:11     | Bought a pair of boots for 85 gold pieces
 10998 | D:11     | Bought an embroidered cloak for 142 gold pieces
 11206 | D:11     | Found Futosol's Armour Emporium.
 11211 | D:11     | Bought a +0 tower shield for 63 gold pieces
 11273 | D:11     | Found a staircase to the Orcish Mines.
 11889 | D:12     | Noticed a five-headed hydra
 11899 | D:12     | Killed a nine-headed hydra
 11899 | D:12     | Reached skill level 1 in Shields
 11899 | D:12     | Reached XP level 12. HP: 63/115 MP: 11/11
 11904 | D:12     | Reached ****** piety under Trog
 11904 | D:12     | Received a gift from Trog
 12192 | D:12     | Noticed Josephine
 12204 | D:12     | Killed Josephine
 12562 | D:12     | Reached skill level 15 in Armour
 12850 | D:12     | Found a portal to a secret trove of treasure.
 13175 | D:13     | Reached skill level 10 in Axes
 13248 | D:13     | Noticed a two-headed ogre
 13259 | D:13     | Killed a two-headed ogre
 13266 | D:13     | Found a frozen archway.
 13279 | IceCv    | Entered an ice cave
 13830 | IceCv    | Received a gift from Trog
 13911 | IceCv    | Reached skill level 5 in Shields
 13935 | IceCv    | Found the +10 zealot's sword {holy, *Rage rN+ EV+3}
 14357 | D:13     | Noticed a five-headed hydra
 14364 | D:13     | Killed an eight-headed hydra
 14765 | D:14     | Noticed an ogre mage
 14765 | D:14     | Noticed a two-headed ogre
 14765 | D:14     | Noticed a two-headed ogre
 14765 | D:14     | Noticed a two-headed ogre
 14765 | D:14     | Noticed a two-headed ogre
 14765 | D:14     | Noticed a two-headed ogre
 14765 | D:14     | Noticed a two-headed ogre
 14771 | D:14     | Killed a two-headed ogre
 14774 | D:14     | Killed a two-headed ogre
 14774 | D:14     | Reached XP level 13. HP: 124/124 MP: 12/12
 14806 | D:14     | HP: 4/125 [death knight/+2 broad axe of flaming (4)]
 14808 | D:14     | Killed by mirror damage

Illustrated notes

Levels and vault maps discovered:
D:1:      minmay_arrival_open_corners, layout_basic
D:2:      layout_rooms, lemuel_coloured_pillars_altar, elyvilon_altar_4
D:3:      layout_loops_corners, grunt_temple_overflow_lords_of_destruction
D:4:      layout_loops_ring, old_standard_altar, overflow_temple_1_default,
          first_ration
D:5:      layout_loops_ring, basic_altar
D:6:      layout_rooms, nicolae_overflow_crystal_walls, old_standard_altar,
          uniq_edmund, uniq_maggie
D:7:      layout_loops_ring, nicolae_dithmenos_through_a_glass_darkly,
          minmay_temple_entry_statues_pillars
D:8:      minmay_bloctagon_deflated, layout_basic,
          grunt_temple_overflow_growth_and_decay, lemuel_doored_altar,
          uniq_joseph
D:9:      layout_gridville, uniq_psyche, uniq_erica, uniq_pikel
D:10:     layout_loops_ring, uniq_fannar
D:11:     layout_roguey, david_lair_generic, hiddenorc2_lemuel, serial_shops,
          shop_statue, shop, shop
D:12:     layout_long_grid, trove_entry_hex_spiral, blue_anna_alchemist
          [blue_anna_fruit_fields, blue_anna_fruit_fields], uniq_josephine
D:13:     layout_rooms, portal_ice_cave_demonic_guard, minmay_misc_feat_plants
D:14:     layout_stronghold, david_vaults_5, chequers_serial_rivers_room_b

Skill      XL: |  1  2  3  4  5  6  7  8  9 10 11 12 13 |
---------------+----------------------------------------+-----
Fighting       | 4 5 6 7 9 11 13 14 | 14.5
Axes           | 4 5 6 7 8 9 11 | 11.9
Armour         | 3 4 6 8 10 12 14 15 | 15.3
Dodging        | 3 4 5 6 8 |  8.6
Shields        | 1 6 8 |  8.2

Action                   |  1- 3 |  4- 6 |  7- 9 | 10-12 | 13-15 || total
-------------------------+-------+-------+-------+-------+-------++-------
Melee: Hand axe          |    69 |   124 |       |       |       ||   193
       Headbutt          |    11 |    22 |    59 |   169 |     8 ||   269
       Dire flail        |       |       |   279 |   420 |       ||   699
       Great mace        |       |       |       |    20 |       ||    20
       War axe           |       |       |       |   175 |       ||   175
       Eudemon blade     |       |       |       |    49 |    26 ||    75
Invok: Berserk           |       |     2 |     3 |    15 |     1 ||    21
       Trog's Hand       |       |       |       |     2 |       ||     2
       Brothers in Arms  |       |       |       |     1 |       ||     1
  Use: Scroll            |       |       |     6 |     8 |       ||    14
       Potion            |       |       |       |       |     1 ||     1
  Eat: Chunk             |     2 |     7 |    14 |    12 |       ||    35
       Ration            |       |       |       |     9 |       ||     9
Armor: Animal skin       |    13 |       |       |       |       ||    13
       Ring mail         |       |    31 |       |       |       ||    31
       Chain mail        |       |       |   127 |   305 |     7 ||   439
Dodge: Dodged            |    48 |    80 |   216 |   521 |    13 ||   878
Block: Other             |       |       |       |    92 |       ||    92
       Reflection        |       |       |       |    21 |     3 ||    24
       Tower shield      |       |       |       |   230 |    44 ||   274
       Rpst.: Eudemon blade |       |       |       |     2 |     2 ||     4
